 Dungeon Crawl Stone Soup version 0.20.0-15-g7f486f2 (webtiles) character file.

21 ArtsTyrian the Insei (level 2, -2/18 HPs)
             Began as an Octopode Transmuter on June 11, 2017.
             Slain by a hobgoblin (4 damage)
             ... on level 2 of the Dungeon.
             The game lasted 00:03:07 (674 turns).

ArtsTyrian the Insei (Octopode Transmuter)           Turns: 674, Time: 00:03:08

Health: -2/18      AC:  1    Str:  9    XL:     2   Next: 87%
Magic:  4/5        EV: 13    Int: 15    God:
Gold:   41         SH:  0    Dex: 15    Spells: 4/5 levels left

rFire    . . .     SeeInvis +     - Unarmed
rCold    . . .     Gourm    .   (no shield)
rNeg     . . .     Faith    .   (helmet restricted)
rPois    .         Spirit   .   (no amulet)
rElec    .         Reflect  .   i - +3 ring of dexterity
rCorr    .         Harm     .   p - ring of see invisible
MR       .....                  (no ring)
Stlth    +++.......             (no ring)
Regen    0.1/turn               (no ring)
MPRegen  0.1/turn               (no ring)
                                (no ring)
                                (no ring)

@: lethally poisoned (-2 -> -5), appendage
A: almost no armour, stealthy swim, amphibious, 8 rings, constrict 8, tentacle
spike 3, camouflage 1, gelatinous body 1
a: End Transformation


You were on level 2 of the Dungeon.
You were not hungry.
One of your tentacles had a temporary spike.
You visited 1 branch of the dungeon, and saw 2 of its levels.

You collected 41 gold pieces.

Inventory:

Armour
 g - a cursed +0 shield
Jewellery
 i - a +3 ring of dexterity (left tentacle)
 p - a ring of see invisible (right tentacle)
Scrolls
 d - a scroll of amnesia {unknown}
 e - a scroll of enchant armour {unknown}
 f - 2 scrolls of identify {unknown}
 h - a scroll of remove curse {unknown}
 k - a scroll of immolation {unknown}
 m - a scroll of teleportation {unknown}
Potions
 j - a potion of brilliance {unknown}
 l - 2 potions of cancellation {unknown}
 n - a potion of mutation {unknown}
 o - a potion of curing {unknown}
Books
 b - a book of Changes

   Spells                             Type                      Level
   a - Beastly Appendage              Transmutation                1
   b - Sticks to Snakes               Transmutation                2
   c - Spider Form                    Transmutation/Poison         3
   d - Ice Form                       Ice/Transmutation            4
   e - Blade Hands                    Transmutation                5
Comestibles
 a - 5 chunks of flesh
 c - a bread ration


   Skills:
 * Level 1.2 Fighting
 + Level 2.0 Dodging
 + Level 0.4 Stealth
 + Level 3.4 Unarmed Combat
 + Level 2.1 Spellcasting
 + Level 2.3 Transmutations


You had 4 spell levels left.
You knew the following spells:

 Your Spells              Type           Power        Failure   Level  Hunger
a - Beastly Appendage     Tmut           #.....       9%          1    #......


Dungeon Overview and Level Annotations

Branches:
Dungeon (2/15)

Altars:

Annotations:
D:2 Jessica


Innate Abilities, Weirdness & Mutations

You cannot wear most types of armour.
You are very stealthy in the water. (Stealth+)
You are amphibious.
You can wear up to eight rings at the same time.
You can use your tentacles to constrict eight enemies at once.
Your skin changes colour to match your surroundings (Stealth+).
Your rubbery body absorbs attacks. (AC +1, EV +1)
One of your tentacles bears a large vicious spike.


Message History

The adder poisons you!
Found a meat ration.
You closely miss Jessica. You grab Jessica.
Jessica is almost dead.
You constrict Jessica, but do no damage.
You feel sick.
Jessica mumbles some strange words.
Jessica blinks free!
The hobgoblin hits you. The adder bites you.
* * * LOW HITPOINT WARNING * * *
The hobgoblin hits you but does no damage.
You tentacle-slap the adder. You grab the adder.
The adder is moderately wounded.
You constrict the adder. The adder closely misses you.
The hobgoblin closely misses you.
The hobgoblin hits you but does no damage.
You barely miss the adder.
The adder is moderately wounded.
You constrict the adder. The adder bites you but does no damage.
The hobgoblin hits you.
You die...

......### ...##...#
...####.#
........###############.
######.............#....
#####.####........%
#..##.......>..
##.....ยง.......
##....@S.@....
##..ggg......
#..#.......#
....)....#####
###..##..... #.###...###
#. ....# #. ##### ..


You could see an adder, Jessica, 2 hobgoblins and a goblin.

Vanquished Creatures
  A leopard gecko (D:2)
  2 goblins
  A hobgoblin (D:1)
  A quokka (D:2)
  6 bats (D:1)
  A frilled lizard (D:1)
  5 kobolds (D:1)
  4 rats
21 creatures vanquished.

Notes
Turn   | Place    | Note
-------+----------+-------------------------------------------
     0 | D:1      | ArtsTyrian the Octopode Transmuter began the quest for the Orb.
     0 | D:1      | Reached XP level 1. HP: 13/13 MP: 3/3
   276 | D:1      | Reached XP level 2. HP: 15/18 MP: 3/5
   663 | D:2      | Noticed Jessica
   674 | D:2      | Slain by a hobgoblin

Action                   || total
-------------------------++-------
Melee: Unarmed           ||    47
       Constrict         ||    16
       Kick              ||    11
       Tentacles         ||     5
 Cast: Beastly Appendage ||    16
 Stab: Sleeping          ||     5
Armor: Skin              ||     4
Dodge: Dodged            ||    35
